 Dungeon Crawl Stone Soup version 0.29.1-15-g9cfb28693d (webtiles) character file.

Game seed: 7651355123253292140

2333 Gustavia the Basher (level 9, -3/144 HPs)
             Began as an Ogre Gladiator on Mar 24, 2023.
             Was an Initiate of Okawaru.
             Killed from afar by a centaur (25 damage)
             ... with a bolt of acid
             ... on level 8 of the Dungeon.
             The game lasted 00:35:48 (12649 turns).

Gustavia the Basher (Ogre Gladiator)               Turns: 12649, Time: 00:35:49

Health: -3/144     AC: 16    Str: 24    XL:     9   Next: 42%
Magic:  9/9        EV:  1    Int:  9    God:    Okawaru [......]
Gold:   436        SH:  0    Dex: 10    Spells: 8/8 levels left

rFire   . . .      SeeInvis .   a - +1 flail
rCold   . . .      Faith    .   (no shield)
rNeg    . . .      Spirit   .   (body armour currently unavailable)
rPois   +          Reflect  .   (helmet currently unavailable)
rElec   .          Harm     .   (cloak currently unavailable)
rCorr   .          Rampage  .   (gloves unavailable)
Will    .....      NoTele   +   (boots unavailable)
Stlth   ++........              (no amulet)
HPRegen 0.34/turn               (no ring)
MPRegen 0.11/turn               (no ring)

@: tree-form, marked, corroded
A: stationary, stasis, torment immunity, boosted hp, large, unfitting armour,
(tough skin 1), (deformed body)
a: Renounce Religion


You were on level 8 of the Dungeon.
You worshipped Okawaru.
Okawaru was noncommittal.
You were a tree.
You visited 2 branches of the dungeon, and saw 9 of its levels.

You collected 436 gold pieces.

Inventory:

Hand Weapons
 a - a +1 flail (weapon)
Missiles
 d - 5 throwing nets (quivered)
 e - a large rock
Armour
 c - a +0 hat (melded)
 l - a +2 robe of fire resistance (melded)
Wands
 r - a wand of flame (17)
Scrolls
 b - 2 scrolls of amnesia
 i - 2 scrolls of blinking
 m - a scroll of magic mapping
 n - a scroll of teleportation
 o - a scroll of identify
Potions
 f - 4 potions of attraction
 g - 2 potions of flight
 h - 2 potions of curing
 j - a potion of magic


   Skills:
 + Level 7.8 Fighting
 + Level 8.6 Maces & Flails
 + Level 2.3 Throwing
 + Level 5.7 Dodging
 + Level 2.1 Stealth


You had 8 spell levels left.
You didn't know any spells.
Your spell library contained the following spells:

 Spells                   Type           Power      Damage    Failure   Level
 Conjure Flame            Conj/Fire      0%         6-21      77%         3
 Ignite Poison            Fire/Tmut/Pois 0%         N/A       77%         3
 Dispel Undead            Necr           0%         3d6       99%         4
 Starburst                Conj/Fire      0%         6d3       100%        6


Dungeon Overview and Level Annotations

Branches:
Dungeon (8/15)             Temple (1/1) D:5
   Lair: D:8-11

Altars:
Ashenzari
Cheibriados
Elyvilon
Fedhas
Gozag
Hepliaklqana
Kikubaaqudgha
Makhleb
Nemelex Xobeh
Okawaru
Ru
Trog
Uskayaw
Wu Jian
Yredelemnul


Innate Abilities, Weirdness & Mutations

You are a tree.
Your roots penetrate the ground, keeping you stationary.
You cannot be teleported.
You are immune to unholy pain and torment.
Your maximum health is greatly increased.
Your equipment is partially melded.
You are too large for most types of armour.
((You have tough skin. (AC +1)))
((Armour fits poorly on your strangely shaped body.))


Message History

The centaur closely misses you. The centaur barely misses you.
The howler monkey hits you. The centaur closely misses you.
The centaur kicks you but does no damage.
You bludgeon the howler monkey!!
You kill the howler monkey!
Okawaru accepts your kill.
The centaur zaps a wand.
The bolt of acid hits you! The acid corrodes you!
You closely miss the centaur. The centaur barely misses you.
The centaur kicks you.
The centaur zaps a wand.
The bolt of acid hits you!
* * * LOW HITPOINT WARNING * * *
The acid corrodes you!
You sock the centaur!
The centaur is moderately wounded.
The centaur hits you.
* * * LOW HITPOINT WARNING * * *
The centaur kicks you.
* * * LOW HITPOINT WARNING * * *
You hit the centaur.
The centaur is heavily wounded.
The centaur hits you.
* * * LOW HITPOINT WARNING * * *
The centaur kicks you.
* * * LOW HITPOINT WARNING * * *
The centaur hits you.
* * * LOW HITPOINT WARNING * * *
The centaur barely misses you.
Okay, then.
Really quaff the potion of lignification? [Y]es or [N]o only, please.
Really quaff the potion of lignification?
You turn into a tree.
Your +0 hat melds into your body.
Your +2 robe of fire resistance melds into your body.
You feel less resistant to fire.
Your roots penetrate the ground.
The centaur hits you but does no damage.
The centaur kicks you.
* * * LOW HITPOINT WARNING * * *
You completely miss the centaur.
The centaur is heavily wounded.
The centaur zaps a wand.
The bolt of acid hits you!!
You die...

#<# #.# ### ###
#.# ..# #.# ####.#
#.# ..#.# #.#
#.######.#.# #.#
#......#.#.# #.#
.######.#.#c####.#
.........†♣†.....#
###########.######
.>.# ###.# #.# #..
###


You could see a centaur.

Vanquished Creatures
  Grinder (D:5)
  The ghost of ripuliukko the Digger, an amateur GrEE (D:4)
  A water moccasin (D:5)
  A sky beast (D:7)
  2 ice beasts (D:6)
  A centaur (D:7)
  A kobold brigand (D:7)
  3 bullfrogs
  A necrophage (D:7)
  3 scorpions
  4 wights (D:7)
  3 howler monkeys
  2 hounds
  A gnoll bouda (D:5)
  3 jellies
  Natasha (twice) (D:2)
  8 iguanas
  An orc wizard (D:4)
  Robin (D:3)
  7 gnolls
  10 adders
  3 worms (D:3)
  5 dart slugs
  14 orcs
  A bat (D:3)
  7 endoplasms
  3 giant cockroaches
  11 goblins
  7 hobgoblins
  7 jackals
  2 quokkas
  3 ball pythons (D:4)
  3 frilled lizards
  12 kobolds
  3 rats
138 creatures vanquished.

Vanquished Creatures (others)
  A human (D:5)
1 creature vanquished.

Grand Total: 139 creatures vanquished

Notes
Turn   | Place    | Note
-------+----------+-------------------------------------------
     0 | D:1      | Gustavia the Ogre Gladiator began the quest for the Orb.
     0 | D:1      | Reached XP level 1. HP: 22/22 MP: 1/1
    36 | D:1      | Got the Secrets of Rubbish
   325 | D:1      | Reached XP level 2. HP: 29/29 MP: 2/2
  1001 | D:1      | Reached skill level 3 in Maces & Flails
  1179 | D:2      | Reached XP level 3. HP: 26/37 MP: 3/3
  1887 | D:2      | Noticed Natasha
  1910 | D:2      | Killed Natasha
  1911 | D:2      | Reached XP level 4. HP: 25/46 MP: 4/4
  2045 | D:2      | Gained mutation: You are weak. (Str -2) [potion of
                  | mutation]
  2045 | D:2      | Gained mutation: Your system is resistant to poisons.
                  | (rPois) [potion of mutation]
  2045 | D:2      | Gained mutation: You are partially covered in iridescent
                  | scales. (AC +2) [potion of mutation]
  2213 | D:2      | Noticed Natasha
  2224 | D:2      | Killed Natasha
  3229 | D:3      | Noticed Robin
  3537 | D:3      | Reached XP level 5. HP: 36/54 MP: 5/5
  3851 | D:3      | Reached skill level 4 in Maces & Flails
  4079 | D:3      | Found a faded altar of an unknown god.
  4177 | D:3      | Killed Robin
  4872 | D:4      | Found a runed translucent door.
  4872 | D:4      | Noticed ripuliukko's ghost (amateur GrEE)
  4902 | D:4      | Reached XP level 6. HP: 33/62 MP: 6/6
  5852 | D:4      | Found a blossoming altar of Fedhas.
  5939 | D:4      | You fall into a shaft and drop 3 floors!
  5945 | D:7      | Found a sacrificial altar of Ru.
  5959 | D:7      | Noticed a sky beast
  5999 | D:5      | Entered Level 5 of the Dungeon
  6001 | D:5      | Reached skill level 5 in Maces & Flails
  6001 | D:5      | Reached skill level 1 in Stealth
  6143 | D:5      | Noticed a water moccasin
  6174 | D:5      | Found a staircase to the Ecumenical Temple.
  6484 | D:5      | Reached XP level 7. HP: 58/71 MP: 7/7
  7119 | D:5      | Reached skill level 5 in Fighting
  7934 | D:5      | Found an ancient bone altar of Kikubaaqudgha.
  7937 | D:5      | Noticed a human
  7941 | D:5      | Killed a human
  7990 | D:5      | Noticed Grinder
  7991 | D:5      | Paralysed by Grinder for 4 turns
  8218 | D:6      | Found a basalt altar of Yredelemnul.
  8329 | D:6      | Reached skill level 6 in Maces & Flails
  8497 | D:6      | Reached XP level 8. HP: 55/81 MP: 8/8
  9026 | D:6      | Reached skill level 5 in Dodging
  9492 | D:7      | Found a sparkling altar of Nemelex Xobeh.
  9512 | D:7      | Reached skill level 7 in Maces & Flails
  9784 | D:7      | Lost mutation: You are partially covered in iridescent
                  | scales. (AC +2) [potion of mutation]
  9784 | D:7      | Lost mutation: Your system is resistant to poisons. (rPois)
                  | [potion of mutation]
  9784 | D:7      | Lost mutation: You are weak. (Str -2) [potion of mutation]
  9784 | D:7      | Gained mutation: Your mind is acute. (Int +4, Str/Dex -1)
                  | [potion of mutation]
  9784 | D:7      | Gained mutation: Armour fits poorly on your strangely
                  | shaped body. [potion of mutation]
  9784 | D:7      | Lost mutation: Your mind is acute. (Int +4, Str/Dex -1)
                  | [potion of mutation]
  9907 | D:7      | Found a broken altar of Ashenzari.
 10390 | D:7      | Reached XP level 9. HP: 54/92 MP: 9/9
 10585 | D:7      | Reached skill level 8 in Maces & Flails
 11102 | D:5      | Paralysed by Grinder for 2 turns
 11106 | D:5      | Killed Grinder
 11514 | D:4      | Killed ripuliukko's ghost
 12228 | Temple   | Entered the Ecumenical Temple
 12496 | Temple   | Became a worshipper of Warmaster Okawaru
 12649 | D:8      | Killed from afar by a centaur

Illustrated notes

Levels and vault maps discovered:
D:1:      shiori_arrival_oz, layout_loops_corners
D:2:      layout_basic, uniq_natasha
D:3:      layout_basic, hellmonk_ecumenical_altar_heavens_door, uniq_robin
D:4:      layout_cave_pools, mainiacjoe_overflow_alcove_1,
          ebering_ghost_inner_flame, chequers_serial_rivers_marsh
D:5:      layout_loops_ring, tgw_kikubaaqudgha, temple_hall, uniq_grinder
D:6:      layout_cave_pools, mainiacjoe_overflow_catwalk, minmay_bent
D:7:      layout_loops_ring, amcnicky_altar_gilded,
          mainiacjoe_overflow_small_starburst, nemelex_diamond_rough_becter
D:8:      layout_basic
Temple:   dpeg_three_leaves_temple

Skill      XL: |  1  2  3  4  5  6  7  8  9 |
---------------+----------------------------+-----
Maces & Flails | 3 4 5 6 7 8 |  8.6
Dodging        | 3 4 5 |  5.7
Fighting       | 3 4 5 6 7 |  7.8
Stealth        | 1 2 |  2.1
Throwing       | |  2.3

Action                   |  1- 3 |  4- 6 |  7- 9 || total
-------------------------+-------+-------+-------++-------
Melee: Flail             |    60 |   278 |   328 ||   666
       Punch             |       |     2 |     4 ||     6
  Use: Potion            |     8 |     2 |     8 ||    18
       Scroll            |     3 |     9 |     5 ||    17
 Stab: Sleeping          |     2 |     1 |       ||     3
       Invisible         |     1 |       |       ||     1
Armor: Robe              |    14 |   105 |    81 ||   200
       Skin              |       |       |     1 ||     1
Dodge: Dodged            |    27 |   163 |   198 ||   388
